 Dungeon Crawl Stone Soup version 0.17.1-3-g152610e (webtiles) character file.

103 jacquesderrida the Caller (level 4, 26/30 HPs)
             Began as a Demonspawn Summoner on Apr 28, 2016.
             Quit the game in a sewer.
             The game lasted 00:07:14 (1362 turns).

jacquesderrida the Caller (Demonspawn Summoner)     Turns: 1362, Time: 00:07:15

Health: 26/30      AC:  4    Str:  9    XL:     4   Next: 51%
Magic:  4/7        EV: 12    Int: 16    God:
Gold:   88         SH:  0    Dex: 14    Spells: 3 memorised, 1 level left

rFire  . . .     SeeInvis .     p - +0 halberd
rCold  . . .     Clarity  .     a - +0 robe
rNeg   . . .     SustAt   .     (shield currently unavailable)
rPois  .         Gourm    .     (no helmet)
rElec  .         Spirit   +     (no cloak)
rCorr  .         Warding  .     (no gloves)
rMut   +         Stasis   .     s - +0 pair of boots
MR     .....                    j - amulet of resist mutation
Stlth  +++.......               (no ring)
                                (no ring)

@: not resistant to hostile enchantments, fairly stealthy
A: icy blue scales 1, nightstalker 1, magic shield
a: no special abilities


You were in a sewer.
You were not hungry.

You visited 1 branch of the dungeon, and saw 4 of its levels.
You also visited: Sewer.

You collected 88 gold pieces.

Inventory:

Hand Weapons
 m - a +0 short sword
 o - a +0 spear
 p - a +0 halberd (weapon)
Armour
 a - a +0 robe (worn)
 s - a +0 pair of boots (worn)
Jewellery
 j - an amulet of resist mutation (around neck)
Scrolls
 d - a scroll of fog {unknown}
 l - a scroll of identify {unknown}
 q - a scroll of remove curse {unknown}
 t - a scroll of fear {unknown}
Potions
 e - a potion of curing
 f - 2 potions of brilliance {unknown}
 h - a potion of cure mutation {unknown}
 i - a potion of heal wounds {unknown}
 k - a potion of degeneration {unknown}
 r - a potion of agility {unknown}
Books
 b - a book of Callings

   Spells                             Type                      Level
   a - Summon Small Mammal            Summoning                    1
   b - Call Imp                       Summoning                    2
   c - Call Canine Familiar           Summoning                    3
   d - Summon Guardian Golem          Hexes/Summoning              3
   e - Summon Lightning Spire         Summoning/Air                4
   f - Summon Ice Beast               Ice/Summoning                4
 v - a book of Cantrips

   Spells                             Type                      Level
   a - Corona                         Hexes                        1
   b - Animate Skeleton               Necromancy                   1
   c - Summon Small Mammal            Summoning                    1
   d - Apportation                    Translocation                1
Comestibles
 c - 2 bread rations
 g - 2 meat rations
 n - a chunk of flesh
 u - a royal jelly


   Skills:
 + Level 1.3 Polearms
 - Level 1.7 Dodging
 - Level 1.7 Stealth
 - Level 2.0 Spellcasting
 + Level 5.7 Summonings


You had one spell level left.
You knew the following spells:

 Your Spells              Type           Power        Failure   Level  Hunger
a - Summon Small Mammal   Summ           ###.         1%          1    #......
b - Call Imp              Summ           ###.....     3%          2    ###....
c - Call Canine Familiar  Summ           ###.....     8%          3    ###....


Dungeon Overview and Level Annotations

Branches:
Dungeon (4/15)
 Temple: D:4-7

Altars:


Innate Abilities, Weirdness & Mutations

You are partially covered in icy blue scales (AC +1).
You are slightly more attuned to the shadows.
When hurt, damage is shared between your health and your magic reserves.


Message History

No target in view!
No target in view!
No target in view!
No target in view!
You swap places.
There is a gate leading back out of this place here.
You swap places.
There is an empty arch of ancient stone here.
Things that are here:
a rat corpse; a river rat corpse Eat one of 2 chunks of flesh? (ye/n/q/i?) This raw flesh tastes terrible.
You continue eating. x2
Your iron imp disappears in a puff of smoke!
You enter the shallow water.
Moving in this stuff is going to be slow.
Your crimson imp disappears in a puff of smoke!
Are you sure you want to abandon this character and quit the game? (Confirm with "yes".)
Okay, then.
Are you sure you want to abandon this character and quit the game? (Confirm with "yes".)

#≈# #≈# #≈#
#≈# #≈# #≈#
##≈#######
####.≈...≈≈..
.....≈≈@≈≈≈≈≈.
≈≈≈≈≈≈≈≈≈≈≈≈≈≈
≈≈≈≈≈≈≈≈≈≈≈≈≈≈
≈≈≈≈≈≈≈≈≈≈≈≈≈≈
.......≈≈≈≈≈≈≈
#.###.≈≈..≈≈..
##########


There were no monsters in sight!

Vanquished Creatures
  A hound (D:4)
  A river rat (Sewer)
  A worm (D:3)
  A giant gecko (D:2)
  An orc (D:4)
  2 bats
  2 giant cockroaches (D:4)
  A hobgoblin (D:3)
  A ball python (D:2)
  A giant newt (D:3)
  3 rats
15 creatures vanquished.

Vanquished Creatures (collateral kills)
  4 adders
  3 gnolls (D:2)
  A worm (D:2)
  3 bats
  A giant cockroach (D:1)
  2 goblins
  4 hobgoblins
  2 jackals (D:3)
  A giant newt (D:3)
  3 kobolds
  5 rats
29 creatures vanquished.

Vanquished Creatures (others)
  A gnoll (D:2)
1 creature vanquished.

Grand Total: 45 creatures vanquished

Notes
Turn   | Place    | Note
--------------------------------------------------------------
     0 | D:1      | jacquesderrida the Demonspawn Summoner began the quest for the Orb.
     0 | D:1      | Reached XP level 1. HP: 13/13 MP: 3/3
   438 | D:2      | Gained mutation: When hurt, damage is shared between your health and your magic reserves. [demonic ancestry]
   438 | D:2      | Reached XP level 2. HP: 19/19 MP: 0/5
   488 | D:1      | Learned a level 2 spell: Call Imp
   675 | D:3      | Reached skill level 5 in Summonings
   704 | D:3      | Gained mutation: You are partially covered in icy blue scales (AC +1). [demonic ancestry]
   704 | D:3      | Reached XP level 3. HP: 10/24 MP: 0/6
  1113 | D:3      | Learned a level 3 spell: Call Canine Familiar
  1154 | D:3      | Noticed a giant frog
  1182 | D:4      | Reached skill level 1 in Polearms
  1182 | D:4      | Gained mutation: You are slightly more attuned to the shadows. [demonic ancestry]
  1182 | D:4      | Reached XP level 4. HP: 30/30 MP: 1/7
  1301 | D:4      | Found a glowing drain.
  1313 | Sewer    | Entered a sewer
  1362 | Sewer    | Quit the game

Action                   |  1- 3 |  4- 6 || total
-------------------------+-------+-------++-------
Melee: Unarmed           |     6 |       ||     6
       Short sword       |     8 |       ||     8
       Halberd           |    12 |    28 ||    40
       Spear             |     5 |       ||     5
 Cast: Summon Small Mamm |    36 |       ||    36
       Call Imp          |    22 |     4 ||    26
       Call Canine Famil |     1 |     1 ||     2
  Use: Potion            |     1 |       ||     1
 Stab: Sleeping          |     1 |     1 ||     2
  Eat: Chunk             |     3 |     1 ||     4
